[Event "Titled Tuesday Blitz May 31 Early 2022"]
[White "Haas, Michael"]
[Black "Estrada Nieto, Julian"]
[WhiteFideId "1629514"]
[BlackFideId "5101018"]
[WhiteElo "1982"]
[BlackElo "2252"]
[Result "1-0"]
[Round "08"]
[TimeControl "180+1"]
[Date "2022.06.01"]
[WhiteClock "0:00:15"]
[BlackClock "0:00:01"]

1. d4 Nf6 2. c4 e6 3. g3 c5 4. d5 exd5 5. cxd5 d6 6. Nc3 g6 7. Bg2 Bg7 8. Nf3 O-O 9. O-O a6 10. a4 Re8 11. Bf4 h6 12. h3 g5 13. Bd2 Bf5 14. h4 g4 15. Ne1 Nbd7 16. Nc2 Ne4 17. Ne3 Nxd2 18. Qxd2 Qf6 19. Nxf5 Qxf5 20. e4 Qf6 21. a5 Ne5 22. Qe3 Nc4 23. Qe2 Ne5 24. f4 gxf3 25. Bxf3 Qg6 26. Kh2 Nxf3+ 27. Qxf3 Bxc3 28. bxc3 Rxe4 29. Rab1 Re7 30. Qf6 Rae8 31. Qxg6+ fxg6 32. Rf6 Kg7 33. Rxd6 Re2+ 34. Kh3 R8e7 35. Rdb6 Rd2 36. Rxb7 Rxb7 37. Rxb7+ Kf6 38. Rb6+ Kf5 39. Rxa6 Rxd5 40. Rc6 g5 41. hxg5 hxg5 42. a6 g4+ 43. Kh4 Rd1 44. Rxc5+ Ke4 45. Rc4+ Kf3 46. Rxg4 Ra1 47. Rg6 Rh1+ 48. Kg5 Kxg3 49. a7 Ra1 50. Rg7 Kf3 51. Re7 Ra6 52. c4 Ra5+ 53. Kf6 Kf4 54. c5 Ra6+ 55. Kf7 Kf5 56. Ke8 1-0


[Site "https://www.chess.com"]

[Event "Titled Tuesday Blitz May 31 Early 2022"]
[White "Dronavalli, Harika"]
[Black "Maksimenko, Viktor"]
[WhiteFideId "5015197"]
[BlackFideId "13710478"]
[WhiteElo "2382"]
[BlackElo "2269"]
[Result "0-1"]
[Round "08"]
[TimeControl "180+1"]
[Date "2022.05.31"]
[WhiteClock "0:00:09"]
[BlackClock "0:00:44"]

1. d4 Nf6 2. c4 e6 3. Nc3 Bb4 4. e3 O-O 5. Nf3 b6 6. Bd2 Bb7 7. Bd3 d6 8. O-O Nbd7 9. Qc2 h6 10. e4 e5 11. a3 Bxc3 12. Bxc3 Re8 13. Rfe1 exd4 14. Bxd4 Nc5 15. Bxc5 bxc5 16. Rad1 Nd7 17. Bf1 Qf6 18. b4 Rab8 19. Nd2 Ba8 20. Qa4 Qd8 21. b5 Nb6 22. Qxa7 Bb7 23. Qa5 Qf6 24. Qa7 Qc3 25. Nb1 Qb3 26. Nd2 Qc3 27. Nb1 Qb3 28. Qa5 Bxe4 29. Nd2 Qc2 30. Rc1 Qb2 31. Nxe4 Rxe4 32. Rxe4 Qxc1 33. Qa7 Rc8 34. g3 d5 35. cxd5 c4 36. Re7 c3 37. Rxc7 Rxc7 38. Qxc7 c2 39. Qb8+ Kh7 40. Qe5 Qd1 41. Qf5+ Kg8 42. Qe5 c1=Q 43. Qe8+ Kh7 44. Qe4+ g6 0-1


[Site "https://www.chess.com"]

[Event "Titled Tuesday Blitz May 31 Early 2022"]
[White "Harvey, Marcus R"]
[Black "Al-Tarboush, Ward"]
[WhiteFideId "400092"]
[BlackFideId "7601450"]
[WhiteElo "2485"]
[BlackElo "2294"]
[Result "0-1"]
[Round "08"]
[TimeControl "180+1"]
[Date "2022.05.31"]
[WhiteClock "0:00:07"]
[BlackClock "0:00:35"]

1. d4 d5 2. c4 c6 3. Nf3 Nf6 4. Nc3 dxc4 5. a4 Bf5 6. Ne5 Nbd7 7. Nxc4 Nb6 8. Ne5 a5 9. f3 Nfd7 10. Nxd7 Nxd7 11. e4 Bg6 12. Be2 Qb6 13. h4 h6 14. h5 Bh7 15. d5 e5 16. dxe6 fxe6 17. Bc4 Bc5 18. Bxe6 O-O-O 19. Qb3 Qc7 20. Ne2 Rhf8 21. Be3 Bb4+ 22. Kd1 Kb8 23. Kc2 Nc5 24. Bxc5 Rd2+ 25. Kc1 Rxe2 26. Bxf8 Qf4+ 27. Kb1 Qxf8 28. Ka2 Rxg2 29. Rad1 Qf6 30. Rd3 Ka7 31. Rhd1 Rh2 32. Re3 Rxh5 33. Bc8 Rh2 34. e5 Qf4 35. Rd7 Rh1 36. Rxb7+ Ka8 37. Rxb4 Bb1+ 38. Ka3 axb4+ 39. Qxb4 Qxe3+ 40. Qc3 Qxc3+ 41. bxc3 Kb8 42. Bg4 Kc7 43. Kb4 Re1 44. a5 Rxe5 45. a6 Rb5+ 46. Kc4 Ra5 0-1


[Site "https://www.chess.com"]

[Event "Titled Tuesday Blitz May 31 Early 2022"]
[White "Hasangatin, Ramil"]
[Black "Gaehwiler, Gabriel"]
[WhiteFideId "4122160"]
[BlackFideId "1314530"]
[WhiteElo "2399"]
[BlackElo "2383"]
[Result "1-0"]
[Round "08"]
[TimeControl "180+1"]
[Date "2022.05.31"]
[WhiteClock "0:00:03"]
[BlackClock "0:00:05"]

1. e4 e5 2. Nf3 Nf6 3. Nc3 Nc6 4. d4 exd4 5. Nxd4 Bb4 6. Nxc6 bxc6 7. Bd3 d5 8. exd5 cxd5 9. O-O O-O 10. Bg5 c6 11. Qf3 Bd6 12. h3 h6 13. Bxf6 Qxf6 14. Qxf6 gxf6 15. Ne2 Be5 16. Rab1 Rb8 17. b3 a5 18. f4 Bd6 19. Ng3 Rd8 20. Nh5 Be7 21. Rfe1 Kf8 22. Kh2 Be6 23. Re2 Bd6 24. Rbe1 Bd7 25. Kg3 Bb4 26. Rf1 Bc3 27. Rf3 Ba1 28. Kf2 Bd4+ 29. Kf1 a4 30. Ng3 Re8 31. Bf5 Be6 32. Rd3 Ba7 33. Rd1 Rb4 34. Bxe6 Rxf4+ 35. Ke1 Rxe6 36. Kd2 Ke7 37. Rf1 Rd4+ 38. Kc1 axb3 39. Nf5+ Kd7 40. Rxe6 bxa2 41. Re7+ Kd8 42. Kb2 Rb4+ 43. Kxa2 Bc5 44. Rxf7 Ra4+ 45. Kb3 Ra3+ 46. Kb2 Ra4 47. Rxf6 Kc7 48. Rf3 d4 49. Rb3 Bb4 50. Rf7+ Kb6 51. Nxd4 c5 52. c3 1-0


[Site "https://www.chess.com"]

[Event "Titled Tuesday Blitz May 31 Early 2022"]
[White "Hirneise, Jens"]
[Black "Matveeva, Olga"]
[WhiteFideId "24614734"]
[BlackFideId "24107018"]
[WhiteElo "2359"]
[BlackElo "2052"]
[Result "1-0"]
[Round "08"]
[TimeControl "180+1"]
[Date "2022.06.01"]
[WhiteClock "0:00:28"]
[BlackClock "0:00:11"]

1. d3 Nf6 2. Nd2 e6 3. g3 d5 4. Bg2 Be7 5. Ngf3 O-O 6. O-O c5 7. e4 Nc6 8. Re1 b5 9. e5 Nd7 10. Nf1 Qc7 11. Bf4 a5 12. h4 b4 13. N1h2 a4 14. h5 a3 15. b3 Nd4 16. h6 g6 17. Ng4 Qd8 18. Qd2 Re8 19. c3 bxc3 20. Qxc3 Nf5 21. d4 cxd4 22. Nxd4 Nxd4 23. Qxd4 Bb7 24. Rac1 Rc8 25. Kf1 Ba6+ 26. Kg1 Qb6 27. Qxb6 Nxb6 28. Be3 Nd7 29. Bd4 Bb4 30. Rxc8 Rxc8 31. Ra1 Kf8 32. Bf1 Bxf1 33. Kxf1 Ke7 34. Ke2 Rc2+ 35. Ke3 g5 36. Kd3 Rd2+ 37. Ke3 Rc2 38. f4 gxf4+ 39. gxf4 Rg2 40. Kf3 Rc2 41. Nf6 Nxf6 42. exf6+ Kd7 43. Rg1 Rxa2 44. Rg7 Rd2 45. Rxf7+ Ke8 46. Rxh7 Rxd4 47. Rh8+ Kf7 48. h7 Rd1 49. Rb8 Rh1 50. h8=Q Rxh8 51. Rxh8 Bc3 52. Ra8 Bb2 53. b4 Kxf6 54. b5 Ke7 55. b6 d4 56. b7 d3 57. b8=Q 1-0


[Site "https://www.chess.com"]

[Event "Titled Tuesday Blitz May 31 Early 2022"]
[White "Indjic, Aleksandar"]
[Black "Sirosh, Ilja"]
[WhiteFideId "911925"]
[BlackFideId "4500458"]
[WhiteElo "2616"]
[BlackElo "2241"]
[Result "1-0"]
[Round "08"]
[TimeControl "180+1"]
[Date "2022.05.31"]
[WhiteClock "0:02:19"]
[BlackClock "0:01:03"]

1. d4 d5 2. Nf3 Nf6 3. Bf4 e6 4. e3 Bd6 5. Nbd2 O-O 6. Ne5 c5 7. c3 Nc6 8. Bd3 Qc7 9. Ndf3 Ne4 10. Nxc6 bxc6 11. Bxd6 Qxd6 12. Bxe4 dxe4 13. Nd2 cxd4 14. Nxe4 Qd5 15. Qxd4 Qb5 16. c4 Qa5+ 17. Qc3 Qf5 18. Nd6 Qg6 19. O-O-O a5 20. f4 a4 21. c5 a3 22. b3 Qxg2 23. Rhg1 Qb2+ 24. Qxb2 axb2+ 25. Kxb2 e5 26. f5 Ba6 27. Rd2 g6 28. e4 Kg7 29. Kc3 h5 30. Rdg2 h4 31. fxg6 1-0


[Site "https://www.chess.com"]

[Event "Titled Tuesday Blitz May 31 Early 2022"]
[White "Jaferian, Koosha"]
[Black "Boder, Jan"]
[WhiteFideId "12507440"]
[BlackFideId "16243226"]
[WhiteElo "2030"]
[BlackElo "2064"]
[Result "0-1"]
[Round "08"]
[TimeControl "180+1"]
[Date "2022.06.01"]
[WhiteClock "0:00:02"]
[BlackClock "0:00:09"]

1. Nf3 c5 2. b3 d5 3. e3 Nf6 4. Bb2 e6 5. Be2 Be7 6. O-O O-O 7. c4 Nc6 8. cxd5 Nxd5 9. d4 Bf6 10. Na3 b6 11. Nc4 Bb7 12. Rc1 Rc8 13. dxc5 bxc5 14. Bxf6 Qxf6 15. Nd6 Nc3 16. Rxc3 Qxc3 17. Nxb7 Nb4 18. a3 Nd5 19. Nd6 Rcd8 20. Ne4 Qb2 21. Bc4 Nxe3 22. Qc1 Nxc4 23. bxc4 Qb6 24. Qe3 Rc8 25. Ne5 Qc7 26. Qg3 f6 27. Nd3 Qxg3 28. hxg3 Rfd8 29. Nexc5 Rd4 30. Re1 e5 31. Rb1 e4 32. Nf4 Rxc5 33. Ne6 Rdxc4 34. Nxc5 Rxc5 35. Rb8+ Kf7 36. Rb7+ Kg6 37. Rxa7 Rc1+ 38. Kh2 Ra1 39. g4 Rb1 40. a4 Rb3 41. a5 Ra3 42. a6 h6 43. Ra8 Kg5 44. Rg8 Kxg4 45. Rxg7+ Kf5 46. a7 Ra2 47. Rb7 Kf4 48. Kh3 f5 49. Kh4 Ra1 50. Kh5 Rh1+ 51. Kg6 Ra1 52. Kf7 h5 53. Ke7 h4 54. Kd7 h3 55. gxh3 Kf3 56. h4 Kxf2 57. h5 e3 58. h6 e2 0-1


[Site "https://www.chess.com"]

[Event "Titled Tuesday Blitz May 31 Early 2022"]
[White "Kamsky, Gata"]
[Black "Lianes Garcia, Marcos"]
[WhiteFideId "2000024"]
[BlackFideId "32060777"]
[WhiteElo "2645"]
[BlackElo "2310"]
[Result "1-0"]
[Round "08"]
[TimeControl "180+1"]
[Date "2022.05.31"]
[WhiteClock "0:01:23"]
[BlackClock "0:00:29"]

1. e4 g6 2. Nf3 Bg7 3. Bc4 c5 4. O-O Nc6 5. c3 e6 6. d4 cxd4 7. cxd4 d5 8. exd5 exd5 9. Bb5 Ne7 10. h3 O-O 11. Nc3 h6 12. Re1 Be6 13. Bf4 Qb6 14. Bxc6 Nxc6 15. Na4 Qa5 16. Ne5 Rac8 17. a3 Nxe5 18. Bxe5 b6 19. Bxg7 Kxg7 20. Nc3 Rfd8 21. Qe2 b5 22. Nxb5 Rb8 23. Nc3 Rxb2 24. Qxb2 1-0


[Site "https://www.chess.com"]

[Event "Titled Tuesday Blitz May 31 Early 2022"]
[White "Khamdamova, Afruza"]
[Black "Lopez, Henry"]
[WhiteFideId "14210444"]
[BlackFideId "5203830"]
[WhiteElo "1660"]
[BlackElo "2177"]
[Result "0-1"]
[Round "08"]
[TimeControl "180+1"]
[Date "2022.06.01"]
[WhiteClock "0:00:11"]
[BlackClock "0:00:45"]

1. e4 c5 2. Nf3 Nc6 3. d4 cxd4 4. Nxd4 Nf6 5. Nc3 e5 6. Ndb5 d6 7. Nd5 Nxd5 8. exd5 Ne7 9. c4 Nf5 10. Bd3 a6 11. Qa4 Ke7 12. Nc3 h5 13. O-O g6 14. f4 Bh6 15. fxe5 dxe5 16. Qa3+ Ke8 17. Bxh6 Rxh6 18. Rae1 f6 19. c5 Kf7 20. d6 Kg7 21. Nd5 Bd7 22. Nb6 Nd4 23. Nxa8 Qxa8 24. Be4 Qc8 25. b4 Rh8 26. Qg3 Nf5 27. Bxf5 Bxf5 28. Rd1 Qd7 29. Qb3 Rc8 30. a4 Be6 31. Qa3 Qc6 32. Rb1 h4 33. Qf3 Qxf3 34. Rxf3 f5 35. Rd3 Bd7 36. Ra3 Kf6 37. Kf2 e4 38. Ke3 Ke5 39. g3 g5 40. Rf1 hxg3 41. hxg3 Rf8 42. Kd2 f4 43. gxf4+ gxf4 44. Ke1 Kd4 45. Ra1 e3 46. Rd1+ Ke4 47. b5 axb5 48. axb5 f3 49. c6 bxc6 50. bxc6 f2+ 0-1


[Site "https://www.chess.com"]

[Event "Titled Tuesday Blitz May 31 Early 2022"]
[White "Kim, Sergey"]
[Black "Vajda, Levente"]
[WhiteFideId "13700570"]
[BlackFideId "1203975"]
[WhiteElo "2583"]
[BlackElo "2573"]
[Result "0-1"]
[Round "08"]
[TimeControl "180+1"]
[Date "2022.06.01"]
[WhiteClock "0:00:29"]
[BlackClock "0:00:17"]

1. d4 Nf6 2. c4 c5 3. d5 b5 4. cxb5 a6 5. b6 Qxb6 6. Nc3 d6 7. e4 g6 8. Nf3 Nbd7 9. Be2 Bg7 10. O-O O-O 11. Nd2 Ne5 12. Kh1 g5 13. Nc4 Nxc4 14. Bxc4 h6 15. Qe2 Ng4 16. f4 gxf4 17. Bxf4 Ne5 18. Rac1 Bg4 19. Rf3 Nxf3 20. gxf3 Bh5 21. Rg1 Kh8 22. e5 dxe5 23. Bxe5 Bxf3+ 24. Qxf3 Bxe5 25. d6 Qxd6 26. Ne4 Qc6 27. Qf5 Bd4 28. Bd5 e6 29. Bxc6 exf5 30. Nd6 Bxg1 31. Bxa8 Rxa8 32. Kxg1 Kg7 33. Nxf5+ Kg6 34. Nd6 Rd8 35. Ne4 c4 36. Kf1 f5 37. Nc5 Rd2 38. Nxa6 Rxb2 39. a4 c3 0-1


[Site "https://www.chess.com"]

[Event "Titled Tuesday Blitz May 31 Early 2022"]
[White "Kozlov, Oleg"]
[Black "Maghsoodloo, Parham"]
[WhiteFideId "4104544"]
[BlackFideId "12539929"]
[WhiteElo "2132"]
[BlackElo "2630"]
[Result "0-1"]
[Round "08"]
[TimeControl "180+1"]
[Date "2022.05.31"]
[WhiteClock "0:00:14"]
[BlackClock "0:01:08"]

1. d4 Nf6 2. c4 e6 3. g3 d5 4. Bg2 Bb4+ 5. Nd2 O-O 6. Nf3 b6 7. O-O a5 8. Ne5 c6 9. Qc2 Ba6 10. e3 Nfd7 11. Nd3 Bxd2 12. Bxd2 Bxc4 13. Rfc1 c5 14. b3 Bxd3 15. Qxd3 Nc6 16. dxc5 bxc5 17. e4 d4 18. f4 e5 19. f5 a4 20. g4 axb3 21. axb3 Nb4 22. Qc4 Rxa1 23. Rxa1 Qh4 24. h3 Qg3 25. Rf1 Qd3 26. Qxd3 Nxd3 27. Ra1 Rb8 28. Ra7 Nb6 29. Bf1 c4 30. bxc4 Nc5 31. Bb4 Nxe4 32. Bd3 Nf6 33. Bd6 Re8 34. g5 e4 35. Bb1 Nxc4 36. Bc5 e3 37. Bd3 Ne5 38. Bxd4 Nxd3 39. gxf6 e2 40. Bc3 e1=Q+ 41. Bxe1 Rxe1+ 42. Kg2 gxf6 43. Ra8+ Kg7 44. Ra3 Re3 45. Ra4 h5 46. Rb4 Kh6 47. Rc4 Kg5 48. Rd4 Nf4+ 0-1


[Site "https://www.chess.com"]

[Event "Titled Tuesday Blitz May 31 Early 2022"]
[White "Le, Tuan Minh"]
[Black "Kovalev, Vladislav"]
[WhiteFideId "12401153"]
[BlackFideId "13504398"]
[WhiteElo "2450"]
[BlackElo "2530"]
[Result "0-1"]
[Round "08"]
[TimeControl "180+1"]
[Date "2022.05.31"]
[WhiteClock "0:00:04"]
[BlackClock "0:00:12"]

1. d4 Nf6 2. Nf3 e6 3. Bf4 d5 4. e3 c5 5. c3 Nc6 6. Nbd2 cxd4 7. exd4 Nh5 8. Be5 f6 9. Bg3 g6 10. Be2 Bh6 11. O-O O-O 12. Nb3 b6 13. Re1 Ne7 14. Bd3 Qd7 15. Qc2 Nf4 16. Bxf4 Bxf4 17. Re2 Qd6 18. Rd1 Bd7 19. Rde1 Rae8 20. Nbd2 Kg7 21. Nf1 Nf5 22. Ng3 h5 23. Qb3 h4 24. Nxf5+ exf5 25. Bb5 Rxe2 26. Rxe2 Bc8 27. Qd1 h3 28. g3 Bh6 29. Qe1 Rf7 30. Re8 Qc7 31. Bd3 Bd7 32. Re7 Qd6 33. Rxf7+ Kxf7 34. Nh4 Bg5 35. Nf3 Bh6 36. Nd2 f4 37. Nf1 fxg3 38. fxg3 f5 39. Qe2 f4 40. Qf3 Kg7 41. Bc2 Be6 42. g4 Qe7 43. Qxh3 Qg5 44. Qg2 Qxg4 45. Qxg4 Bxg4 46. Kf2 g5 47. Nd2 Be6 48. Nf3 Kf6 49. Ne5 g4 50. Bd1 Kg5 51. Be2 Bg7 52. Nc6 a5 53. Nd8 Bg8 54. Nc6 Bf6 55. b4 axb4 56. Nxb4 Bf7 57. Nd3 Kh4 58. Nxf4 Bg5 59. Nd3 Bd2 60. Ne5 Be6 61. Ng6+ Kg5 62. Ne5 Bxc3 63. Ke3 Bb2 64. Bd1 Bc1+ 65. Ke2 Bf4 66. Nd3 Bxh2 67. Kf2 Bd6 68. Nc1 Bf5 69. Ne2 Be4 70. Nc3 Bh1 71. Kg1 Be4 72. Nxe4+ dxe4 73. Kf2 Kf4 74. Be2 g3+ 75. Kg2 Ke3 76. Bh5 Kxd4 77. Kf1 b5 78. Ke2 b4 79. Bf7 Bc5 80. Be6 Kc3 81. Bh3 Kb2 0-1


[Site "https://www.chess.com"]

[Event "Titled Tuesday Blitz May 31 Early 2022"]
[White "Lehtosaari, Mauri"]
[Black "Sibilio, Mario"]
[WhiteFideId "501999"]
[BlackFideId "800422"]
[WhiteElo "2479"]
[BlackElo "2296"]
[Result "1-0"]
[Round "08"]
[TimeControl "180+1"]
[Date "2022.06.01"]
[WhiteClock "0:00:05"]
[BlackClock "0:00:01"]

1. d4 Nf6 2. Nf3 e6 3. Bg5 Be7 4. Nbd2 h6 5. Bh4 d6 6. e4 Nbd7 7. Bd3 e5 8. c3 Nh5 9. Bxe7 Qxe7 10. g3 O-O 11. Nh4 Nf4 12. gxf4 Qxh4 13. fxe5 dxe5 14. Qf3 exd4 15. cxd4 c5 16. O-O-O cxd4 17. Nc4 b5 18. Nd6 Ne5 19. Qg3 Qxg3 20. hxg3 Be6 21. Kb1 Bg4 22. Rd2 a6 23. f4 Nxd3 24. Rxd3 Rad8 25. Nb7 Rd7 26. Nc5 Rd6 27. Nb3 Re8 28. Re1 Bf5 29. Nd2 g5 30. b3 gxf4 31. gxf4 Kh8 32. Kb2 Bh7 33. f5 Bxf5 34. Rf3 Bg6 35. e5 Rde6 36. Rf4 Rxe5 37. Rxe5 Rxe5 38. Rxd4 h5 39. Rd6 Re6 40. Rd4 Kg7 41. Kc3 Kf6 42. Kb4 Kg5 43. Nf3+ Kf6 44. Ka5 Re2 45. a4 bxa4 46. bxa4 Be4 47. Nd2 Bb7 48. Kb6 Re7 49. a5 Kg5 50. Nb3 h4 51. Nc5 Bg2 52. Nxa6 h3 53. Nc5 h2 54. Rd1 1-0


[Site "https://www.chess.com"]

[Event "Titled Tuesday Blitz May 31 Early 2022"]
[White "Leiva, Gianmarco"]
[Black "Bekturov, Tamerlan"]
[WhiteFideId "3804399"]
[BlackFideId "13710184"]
[WhiteElo "2323"]
[BlackElo "2151"]
[Result "1-0"]
[Round "08"]
[TimeControl "180+1"]
[Date "2022.05.31"]
[WhiteClock "0:00:10"]
[BlackClock "0:00:09"]

1. Nf3 d5 2. g3 Nd7 3. d4 Ngf6 4. Bg2 e6 5. O-O b5 6. Ne5 Bb7 7. Bg5 Be7 8. Qd3 a6 9. Bxf6 Nxf6 10. Nd2 c5 11. c3 O-O 12. a4 b4 13. cxb4 cxb4 14. a5 Rc8 15. Nb3 Nd7 16. Nxd7 Qxd7 17. Rfc1 Rxc1+ 18. Rxc1 Rc8 19. Rxc8+ Qxc8 20. e3 Bc6 21. Bf1 Bb5 22. Qd1 Ba4 23. Qd3 Bd8 24. Nc5 Bb5 25. Qd1 Bxa5 26. Bxb5 axb5 27. Qa1 Bb6 28. Nd3 h6 29. Nxb4 Qc4 30. Qa8+ Kh7 31. Nc6 Qc1+ 32. Kg2 Qc2 33. Ne7 Qe4+ 34. Kh3 h5 35. Qg8+ Kh6 36. Qxf7 Qg4+ 37. Kg2 Qe4+ 38. Qf3 Qc2 39. Qf4+ Kh7 40. Qe5 Qe4+ 41. Qxe4+ dxe4 42. Nc6 Bc7 43. Na7 b4 44. Nc6 Bd6 45. f3 exf3+ 46. Kxf3 Kg6 47. h3 Kf5 48. Na5 Bc7 49. Nc4 Bd8 50. Nd6+ Kg6 51. Ne4 Be7 52. Nc5 Kf5 53. g4+ Kf6 54. Kf4 hxg4 55. hxg4 Bd6+ 56. Kf3 g5 57. Ne4+ Ke7 58. b3 Bc7 59. Nxg5 Kd6 60. Ne4+ Kd5 61. Nf2 Bd8 62. Nd3 Be7 63. Kf4 Bd6+ 64. Kf3 Be7 65. Ke2 Ke4 66. Nf2+ Kd5 67. Kd3 e5 68. e4+ Ke6 69. d5+ Kf6 70. Nh3 Kg6 71. Kc4 Kf6 72. Kb5 Kg6 73. Kc6 1-0


[Site "https://www.chess.com"]

[Event "Titled Tuesday Blitz May 31 Early 2022"]
[White "Maiorov, Nikita"]
[Black "Hua, Lefong"]
[WhiteFideId "13501720"]
[BlackFideId "2602253"]
[WhiteElo "2417"]
[BlackElo "2648"]
[Result "1-0"]
[Round "08"]
[TimeControl "180+1"]
[Date "2022.05.31"]
[WhiteClock "0:00:12"]
[BlackClock "0:00:11"]

1. e4 c5 2. c3 Nf6 3. e5 Nd5 4. Bc4 Nb6 5. Bb3 d6 6. exd6 Qxd6 7. Nf3 Nc6 8. O-O Bf5 9. d4 cxd4 10. cxd4 e6 11. Nc3 Be7 12. a3 O-O 13. Be3 Rac8 14. Qe2 Rfd8 15. Rad1 Nd5 16. Nxd5 exd5 17. h3 Bf6 18. Qd2 b6 19. Bf4 Qf8 20. Ne5 Na5 21. Ba4 Nc4 22. Qe2 a6 23. Bb3 b5 24. Rfe1 Na5 25. Ba2 Rc2 26. Rd2 Rdc8 27. g4 Bxe5 28. gxf5 Rxd2 29. Bxd2 Bc7 30. Bxd5 Rd8 31. Qe4 Nc4 32. Bb4 Bd6 33. Bxc4 Bxb4 34. Bxf7+ Qxf7 35. axb4 Qd7 36. Qe6+ Kf8 37. Re4 Qd6 38. Kg2 Qxb4 39. f6 Qd6 40. Qe7+ 1-0


[Site "https://www.chess.com"]

[Event "Titled Tuesday Blitz May 31 Early 2022"]
[White "Makarian, Rudik"]
[Black "Zhigalko, Sergei"]
[WhiteFideId "44105681"]
[BlackFideId "13502956"]
[WhiteElo "2419"]
[BlackElo "2662"]
[Result "0-1"]
[Round "08"]
[TimeControl "180+1"]
[Date "2022.05.31"]
[WhiteClock "0:00:02"]
[BlackClock "0:00:03"]

1. d3 d5 2. f4 Nf6 3. g3 c5 4. Bg2 Nc6 5. Nf3 Bf5 6. O-O e6 7. Nc3 Rc8 8. Nh4 d4 9. Ne4 Be7 10. Nxf5 exf5 11. Nxf6+ Bxf6 12. e4 dxe3 13. c3 O-O 14. Bxe3 Qd6 15. Qf3 Rfd8 16. Rad1 b5 17. Qf2 Ne7 18. d4 c4 19. d5 b4 20. Bd4 bxc3 21. bxc3 Bxd4 22. Qxd4 Rc7 23. Rfe1 Nc8 24. Qe5 g6 25. h4 h5 26. Kh2 Qc5 27. Qf6 Qd6 28. Qd4 Qc5 29. Qe5 Qd6 30. Rd2 Qc5 31. Qf6 Qd6 32. Qd4 Qc5 33. Qe5 Qd6 34. Bf3 a5 35. Rb1 Qc5 36. Rb8 Rcd7 37. d6 Qa3 38. Kh3 Kh7 39. Bd5 Rxd6 40. Rb7 R6d7 41. Rxd7 Rxd7 42. Re2 Qc5 43. Bf3 Qxe5 44. Rxe5 Rd3 45. Bd5 Rxc3 46. Bxf7 Nd6 47. Bd5 Kg7 48. Re6 Ne4 49. Re7+ Kf8 50. Rf7+ Ke8 51. Rc7 Nd6 52. Rg7 Rd3 53. Bc6+ Kd8 54. Rxg6 c3 55. Ba4 Kc7 56. Rg5 Ne4 57. Rxf5 Rxg3+ 58. Kh2 Rd3 59. Rxh5 Rd2+ 60. Kh3 c2 61. Rh7+ Kb6 62. Bxc2 Rxc2 63. h5 Rxa2 64. h6 Ra1 65. Kg2 Ra2+ 66. Kf3 Nf6 67. Rf7 Ra3+ 68. Ke2 Nd5 69. h7 Rh3 70. f5 a4 71. Kf2 a3 72. Kg2 Nf4+ 73. Kf2 a2 74. Rf8 a1=Q 75. Rb8+ Kc7 76. h8=Q Qxh8 77. Rb7+ Kxb7 0-1


[Site "https://www.chess.com"]

[Event "Titled Tuesday Blitz May 31 Early 2022"]
[White "Maltsevskaya, Aleksandra"]
[Black "Fiorito, Fabian"]
[WhiteFideId "24174041"]
[BlackFideId "100200"]
[WhiteElo "2235"]
[BlackElo "2395"]
[Result "1-0"]
[Round "08"]
[TimeControl "180+1"]
[Date "2022.06.01"]
[WhiteClock "0:01:56"]
[BlackClock "0:00:13"]

1. e4 c6 2. d4 d5 3. e5 Bf5 4. c4 e6 5. h4 h5 6. Nc3 dxc4 7. Bxc4 Ne7 8. Nge2 Nd7 9. a3 Nb6 10. Bb3 Ned5 11. Bg5 Be7 12. Qd2 Nxc3 13. bxc3 Be4 14. O-O Bd5 15. Bxd5 cxd5 16. Bxe7 Qxe7 17. Qf4 Rc8 18. a4 Nc4 19. a5 O-O 20. Ng3 g6 21. Rfb1 b6 22. axb6 axb6 23. Rd1 Na5 24. Rab1 Rc6 25. Rd3 Rfc8 26. Nxh5 gxh5 27. Rg3+ Kh7 28. Rg5 Qf8 29. Rxh5+ Kg8 30. Rg5+ Kh7 31. Qg4 Qh6 32. Rh5 Nc4 33. Rxh6+ Kxh6 34. Qg5+ Kh7 35. Ra1 Rg8 36. Qh5+ Kg7 37. Ra7 Rf8 38. Qg5+ Kh7 39. Qf6 Kg8 40. h5 1-0


[Site "https://www.chess.com"]

[Event "Titled Tuesday Blitz May 31 Early 2022"]
[White "Manukian, Artak"]
[Black "Alinasab, Mobina"]
[WhiteFideId "13301373"]
[BlackFideId "12528897"]
[WhiteElo "2540"]
[BlackElo "2031"]
[Result "1-0"]
[Round "08"]
[TimeControl "180+1"]
[Date "2022.06.01"]
[WhiteClock "0:00:05"]
[BlackClock "0:00:03"]

1. e4 c5 2. Nf3 e6 3. c3 d5 4. e5 d4 5. cxd4 cxd4 6. Bb5+ Nc6 7. Bxc6+ bxc6 8. Qa4 Ne7 9. Nxd4 Qd5 10. Nf3 Nf5 11. Nc3 Qd7 12. O-O Be7 13. d4 O-O 14. Rd1 Rd8 15. Bg5 f6 16. exf6 gxf6 17. Bf4 a5 18. h3 Ba6 19. Qc2 Qa7 20. Qe4 Qd7 21. Rac1 Rac8 22. Na4 Qd5 23. Qxd5 cxd5 24. Bc7 Rf8 25. Bxa5 Be2 26. Nb6 Rxc1 27. Rxc1 Bxf3 28. gxf3 Nxd4 29. Kf1 Nxf3 30. Rc8 d4 31. Ke2 Ng5 32. h4 Ne4 33. Rxf8+ Kxf8 34. b4 Nc3+ 35. Kd3 Nxa2 36. b5 e5 37. Nd5 Nc1+ 38. Kc2 Ba3 39. Bb4+ Bxb4 40. Nxb4 Ne2 41. b6 d3+ 42. Kxd3 Nf4+ 43. Ke4 Ne6 44. Kd5 Nd8 45. Kd6 Ke8 46. Kc7 Ne6+ 47. Kc8 Nc5 48. Kc7 Ne6+ 49. Kd6 Nd8 50. Nd5 f5 51. Kxe5 Nb7 52. Kxf5 Kf7 53. Ke5 h6 54. Ne3 Ke7 55. Nf5+ Kf7 56. Nxh6+ Kg6 57. Nf5 Kh5 58. Kd5 Kg4 59. Nd6 Nd8 60. Ke5 Kxh4 61. b7 Nxb7 62. Nxb7 Kg4 63. f4 Kf3 64. f5 Ke2 65. f6 1-0


[Site "https://www.chess.com"]

[Event "Titled Tuesday Blitz May 31 Early 2022"]
[White "Martin Carmona, Gaston Manuel"]
[Black "Rustemov, Alexander"]
[WhiteFideId "22284567"]
[BlackFideId "4119002"]
[WhiteElo "2162"]
[BlackElo "2801"]
[Result "1/2-1/2"]
[Round "08"]
[TimeControl "180+1"]
[Date "2022.06.01"]
[WhiteClock "0:00:08"]
[BlackClock "0:00:04"]

1. e4 e6 2. d4 d5 3. Nc3 Bb4 4. e5 c5 5. a3 Bxc3+ 6. bxc3 Ne7 7. h4 Qc7 8. Bd2 b6 9. h5 h6 10. Qg4 Kf8 11. Rh3 Ba6 12. Bxa6 Nxa6 13. Rf3 Kg8 14. Qf4 Rf8 15. Kd1 Nb8 16. g4 Nd7 17. Nh3 f6 18. exf6 Qxf4 19. Rxf4 gxf6 20. a4 Kg7 21. a5 Nc6 22. axb6 axb6 23. dxc5 Nxc5 24. Rf3 e5 25. Rb1 Rb8 26. Re3 f5 27. gxf5 Kf6 28. Rg3 Kxf5 29. Rg6 Na5 30. Rbxb6 Rxb6 31. Rxb6 Ne6 32. Rb5 Nc4 33. Rxd5 Kg4 34. Ng1 Kxh5 35. Nf3 Kg4 36. Nxe5+ Nxe5 37. Rxe5 Ng7 38. c4 Kf3 39. Be3 h5 40. Rg5 Ne6 41. Rg3+ Ke4 42. Kd2 h4 43. Rh3 Kf5 44. Kc3 Kg4 45. Rh1 h3 46. c5 Kf3 47. Kc4 Kg2 48. Rc1 h2 49. Kd5 Nc7+ 50. Kc6 Rh7 51. Bf4 Ne6 52. Bxh2 Kxh2 53. Kb6 Nd4 54. Rd1 Rh6+ 55. Kb7 Rh7+ 56. Kb6 Rh6+ 57. Ka5 Nc6+ 58. Kb5 Na7+ 59. Kb4 Nc6+ 60. Kc4 Ne5+ 61. Kb5 Nf3 62. Rd6 Rh5 63. Kb6 Ne5 64. c6 Nc4+ 65. Kc7 Nxd6 66. Kxd6 Rh6+ 67. Kd7 Rh7+ 68. Kd8 Rh8+ 69. Kd7 Rh7+ 70. Kd6 Rh6+ 71. Kc5 Kg2 72. c7 Rh8 73. Kc6 Kxf2 74. Kb7 Ke3 75. c8=Q Rxc8 76. Kxc8 Kd4 77. c3+ Kxc3 1/2-1/2


[Site "https://www.chess.com"]

[Event "Titled Tuesday Blitz May 31 Early 2022"]
[White "Martinez Alcantara, Jose Eduardo"]
[Black "Harsha Bharathakoti"]
[WhiteFideId "3805662"]
[BlackFideId "5078776"]
[WhiteElo "2690"]
[BlackElo "2575"]
[Result "1-0"]
[Round "08"]
[TimeControl "180+1"]
[Date "2022.05.31"]
[WhiteClock "0:00:31"]
[BlackClock "0:00:06"]

1. e4 Nf6 2. e5 Nd5 3. d4 d6 4. c4 Nb6 5. exd6 cxd6 6. Nc3 g6 7. Be3 Bg7 8. Rc1 O-O 9. b3 e5 10. dxe5 dxe5 11. Qxd8 Rxd8 12. c5 N6d7 13. Bc4 Nc6 14. Nf3 h6 15. O-O Nd4 16. Ne4 Nf8 17. Bxd4 exd4 18. Nd6 Ne6 19. Rfe1 Bd7 20. Nxb7 Rdc8 21. Nd6 Rc7 22. b4 a5 23. b5 Nxc5 24. Re7 Rb8 25. Rxf7 Kh8 26. Rd1 Rb6 27. Ne8 1-0


[Site "https://www.chess.com"]